 Dungeon Crawl Stone Soup version 0.20.0 (webtiles) character file.

1283 Iflex the Spear-Bearer (level 8, -4/61 HPs)
             Began as a Merfolk Gladiator on June 7, 2017.
             Was an Initiate of Ashenzari.
             Slain by Pikel
             ... wielding a +1 whip of electrocution
              (13 damage)
             ... on level 6 of the Dungeon.
             The game lasted 00:17:03 (5018 turns).

Iflex the Spear-Bearer (Merfolk Gladiator)          Turns: 5018, Time: 00:17:09

Health: -4/61      AC:  7    Str: 14    XL:     8   Next: 54%
Magic:  8/8        EV: 15    Int:  7    God:    Ashenzari [......]
Gold:   254        SH:  0    Dex: 18    Spells: 7/7 levels left

rFire    . . .     SeeInvis .   a - +1 trident
rCold    . . .     Gourm    .   (no shield)
rNeg     . . .     Faith    .   b - +0 leather armour
rPois    .         Spirit   .   c - +0 helmet
rElec    .         Reflect  .   w - +2 cloak (curse)
rCorr    .         Harm     .   (no gloves)
MR       .....                  (no boots)
Stlth    +++.......             u - amulet of rage
Regen    0.2/turn               (no ring)
MPRegen  0.2/turn               (no ring)

@: berserk cooldown, very slightly contaminated
A: change form in water, swift swim, stealthy swim
a: Curse Item, Renounce Religion, Evoke Berserk Rage


You were on level 6 of the Dungeon.
You worshipped Ashenzari.
Ashenzari was noncommittal.
You were not hungry.

You visited 2 branches of the dungeon, and saw 7 of its levels.

You collected 254 gold pieces.

Inventory:

Hand Weapons
 a - a +1 trident (weapon)
Armour
 b - a +0 leather armour (worn)
 c - a +0 helmet (worn)
 w - a cursed +2 cloak (worn)
 B - a +0 pair of boots
Jewellery
 u - an amulet of rage (around neck)
 y - an uncursed amulet of guardian spirit
Wands
 d - a wand of digging (8/24)
 G - a wand of polymorph (17/24)
Scrolls
 e - 3 scrolls of enchant weapon
 g - a scroll of random uselessness {unknown}
 j - a scroll of teleportation
 k - 4 scrolls of magic mapping
 m - a scroll of enchant armour {unknown}
 p - a scroll of immolation {unknown}
 s - a scroll of amnesia {unknown}
 A - a scroll of fog {unknown}
 C - 2 scrolls of remove curse
 D - a scroll of identify
Potions
 h - 2 potions of curing
 i - a potion of flight {unknown}
 o - a potion of mutation {unknown}
 r - a potion of haste
 v - 3 potions of degeneration
 F - 2 potions of berserk rage
Comestibles
 f - 6 bread rations
 l - 4 meat rations
 q - 5 royal jellies
 z - 7 fruits


   Skills:
 + Level 4.5 Fighting
 + Level 10.3 Polearms
 + Level 2.2 Throwing
 + Level 3.0 Armour
 + Level 5.7 Dodging
 + Level 4.0 Stealth
 + Level 0.2 Evocations


You had 7 spell levels left.
You didn't know any spells.

Dungeon Overview and Level Annotations

Branches:
Dungeon (6/15)             Temple (1/1) D:4

Altars:
Ashenzari
Cheibriados
Dithmenos
Elyvilon
Fedhas
Gozag
Hepliaklqana
Makhleb
Nemelex Xobeh
Okawaru
Qazlal
Ru
Sif Muna
Trog
Uskayaw
Vehumet
Xom
Yredelemnul
Zin
The Shining One

Annotations:
D:6 Pikel


Message History

Pikel hits you with a whip of electrocution.
You are electrocuted!
* * * LOW HITPOINT WARNING * * *
You feel better.
The slave shouts!
Pikel hits you with a whip of electrocution.
* * * LOW HITPOINT WARNING * * *
The bullfrog releases a deep croak.
Pikel barely misses you.
A jackal comes into view.
Throwing (i - inventory):
x - a throwing net (quivered)
Press: ? - help, Shift-Dir - straight line, f - Pikel
Aim: Pikel, wielding a whip of electrocution and wearing a robe (fast)
You throw a throwing net. The throwing net closely misses Pikel.
The throwing net hits the bullfrog.
The bullfrog is caught in the net!
The jackal barks!
The bullfrog struggles against the net.
Pikel cracks his whip.
Pikel hits you but does no damage.
You are electrocuted!
You die...

...#....................#.....
##....................h......
##.(........................#
#...............#..p..###
#.### ##............####.p§.##
#..# #..##....########p###..#
##.. ########## ##F## ##.##
#.. ##K## ##.## #.. #@##
##.####.. .. #.## ##.##...
.... #..###### ##.....
.....##.......## ##....
#....<.###..# #....
##.....####.# #....
#......###.# #....
.......##.(...# #..##
######.####..## #.##


You could see Pikel, 3 slaves, a bullfrog (caught) and a jackal.

Vanquished Creatures
  The ghost of enarc13 the Cudgeler, a novice TrEE (D:6)
  A sky beast (D:6)
  A phantom (D:6)
  2 centaurs
  A scorpion (D:5)
  A centaur zombie (D:5)
  2 crimson imps
  A hound (D:4)
  2 bullfrog skeletons (D:5)
  Crazy Yiuf (D:3)
  An orc priest (D:6)
  Ijyb (D:4)
  3 worker ants
  A hound skeleton (D:4)
  A worker ant zombie (D:5)
  4 gnolls (D:3)
  6 adders
  2 oozes (D:2)
  3 adder skeletons (D:4)
  A dart slug (D:1)
  4 leopard geckos
  An orc (D:6)
  8 giant cockroaches
  2 goblins (D:2)
  7 hobgoblins
  A jackal (D:5)
  A quokka (D:3)
  2 ball pythons (D:4)
  7 bats
  6 frilled lizards
  6 kobolds
  A leopard gecko skeleton (D:4)
  A quokka skeleton (D:4)
  9 rats
  A fungus (D:3)
93 creatures vanquished.

Notes
Turn   | Place    | Note
-------+----------+-------------------------------------------
     0 | D:1      | Iflex the Merfolk Gladiator began the quest for the Orb.
     0 | D:1      | Reached XP level 1. HP: 16/16 MP: 1/1
   168 | D:1      | Reached XP level 2. HP: 22/22 MP: 2/2
   358 | D:1      | Reached skill level 5 in Polearms
   645 | D:2      | Reached skill level 1 in Stealth
   645 | D:2      | Reached XP level 3. HP: 19/28 MP: 3/3
  1292 | D:2      | Reached XP level 4. HP: 31/34 MP: 4/4
  1758 | D:3      | Reached skill level 6 in Polearms
  1826 | D:3      | Reached XP level 5. HP: 33/40 MP: 5/5
  2004 | D:3      | Found an iron altar of Okawaru.
  2033 | D:3      | Reached skill level 1 in Armour
  2577 | D:3      | Found a runed door.
  2581 | D:3      | Noticed Crazy Yiuf
  2590 | D:3      | Killed Crazy Yiuf
  2590 | D:3      | Reached skill level 7 in Polearms
  2590 | D:3      | Reached XP level 6. HP: 25/47 MP: 6/6
  2787 | D:4      | Reached skill level 5 in Dodging
  2994 | D:4      | Noticed Ijyb
  3016 | D:4      | Killed Ijyb
  3068 | D:4      | Found a staircase to the Ecumenical Temple.
  3234 | Temple   | Entered the Ecumenical Temple
  3312 | Temple   | Became a worshipper of Ashenzari the Shackled
  3532 | D:5      | Entered Level 5 of the Dungeon
  3644 | D:5      | Reached XP level 7. HP: 47/52 MP: 7/7
  3652 | D:5      | Reached skill level 8 in Polearms
  4025 | D:5      | Found a sparkling altar of Nemelex Xobeh.
  4443 | D:6      | Reached skill level 9 in Polearms
  4532 | D:6      | Noticed enarc13's ghost (novice TrEE)
  4678 | D:6      | Killed enarc13's ghost
  4678 | D:6      | Reached skill level 10 in Polearms
  4678 | D:6      | Reached XP level 8. HP: 59/61 MP: 8/8
  5008 | D:6      | Noticed Pikel
  5018 | D:6      | Slain by Pikel

Skill      XL: |  1  2  3  4  5  6  7  8 |
---------------+-------------------------+-----
Polearms       | 5 6 7 10 | 10.3
Stealth        | 1 2 3 4 |  4.0
Armour         | 1 2 3 |  3.0
Fighting       | 3 4 |  4.5
Dodging        | 5 |  5.7
Throwing       | |  2.2
Evocations     | |  0.2

Action                   |  1- 3 |  4- 6 |  7- 9 || total
-------------------------+-------+-------+-------++-------
Melee: Trident           |   107 |   164 |   126 ||   397
Throw: Throwing net      |       |     4 |     2 ||     6
Invok: Curse Item        |       |       |     1 ||     1
 Abil: Evoke Berserk Rag |       |       |     1 ||     1
  Use: Potion            |     2 |     2 |     5 ||     9
       Scroll            |     1 |     4 |     5 ||    10
 Stab: Sleeping          |     5 |     6 |     3 ||    14
       Held in net/web   |       |     1 |       ||     1
       Distracted        |       |     1 |       ||     1
  Eat: Chunk             |       |     9 |     2 ||    11
       Meat ration       |       |       |     1 ||     1
Armor: Leather armour    |    19 |    29 |    18 ||    66
Dodge: Dodged            |    61 |    89 |    51 ||   201
